 Dungeon Crawl Stone Soup version 0.29-a0-824-gd827844252 (webtiles) character file.

Game seed: 1854588460932931046

127 czerkthejerk the Chopper (level 4, -1/41 HPs)
             Began as a Minotaur Berserker on July 10, 2022.
             Was a Believer of Trog.
             Splashed by a jelly's acid (5 damage)
             ... on level 4 of the Dungeon.
             The game lasted 00:43:08 (2014 turns).

czerkthejerk the Chopper (Minotaur Berserker)       Turns: 2014, Time: 00:43:10

Health: -1/41      AC: -6    Str: 23    XL:     4   Next: 85%
Magic:  3/3        EV: 11    Int:  4    God:    Trog [**....]
Gold:   96         SH:  0    Dex: 10    Spells: 3/3 levels left

rFire   . . .      SeeInvis .   G - +0 rapier
rCold   . . .      Faith    .   (no shield)
rNeg    . . .      Spirit   .   k - +0 ring mail
rPois   .          Reflect  .   (helmet restricted)
rElec   .          Harm     .   (no cloak)
rCorr   .          Rampage  .   (no gloves)
Will    ++...                   (no boots)
Stlth   ..........              (no amulet)
HPRegen 1.13/turn               (no ring)
MPRegen 0.08/turn               (no ring)

@: strong-willed (expiring), corroded, on berserk cooldown, regenerating
(expiring), slowed, very slow
A: horns 2, retaliatory headbutt
a: Renounce Religion, Berserk, Trog's Hand


You were on level 4 of the Dungeon.
You worshipped Trog.
Trog was pleased with you.
You visited 1 branch of the dungeon, and saw 4 of its levels.

You collected 106 gold pieces.
You spent 10 gold pieces at shops.

Inventory:

Hand Weapons
 a - a +0 hand axe
 e - a +0 dagger
 f - a +0 short sword
 g - a +0 club
 h - a +0 club
 m - a +0 short sword
 p - a +0 dagger
 v - a +0 whip
 B - a +2 whip of flaming
 E - a +0 mace
 G - a +0 rapier (weapon)
 K - a +0 sling
Armour
 b - a +0 animal skin
 d - a +0 scale mail
 k - a +0 ring mail (worn)
 l - a +2 pair of boots of stealth
 n - a +0 robe
 x - a +0 ring mail
 I - a +0 chain mail
Scrolls
 i - 4 scrolls of teleportation {unknown}
 s - a scroll of blinking {unknown}
 u - a scroll of identify {unknown}
 y - 2 scrolls of fear {unknown}
 C - 3 scrolls of fog {unknown}
 D - a scroll of noise {unknown}
Potions
 c - a potion of degeneration {unknown}
 q - a potion of attraction {unknown}
 r - a potion of mutation {unknown}
 t - 2 potions of flight {unknown}
 w - 2 potions of invisibility {unknown}
 z - a potion of magic {unknown}
 A - a potion of heal wounds {unknown}
 F - a potion of might {unknown}
 H - a potion of cancellation {unknown}
 J - a potion of resistance {unknown}


   Skills:
 + Level 4.3 Fighting
 + Level 1.5 Short Blades
 + Level 5.2 Axes
 + Level 0.5 Throwing
 + Level 2.9 Armour
 + Level 2.8 Dodging


You had 3 spell levels left.
You didn't know any spells.
Your spell library contained the following spells:

 Spells                   Type           Power      Damage    Failure   Level
 Tukima's Dance           Hex            0%         N/A       95%         3
 Passage of Golubria      Tloc           0%         N/A       100%        4
 Summon Lightning Spire   Summ/Air       0%         N/A       100%        4
 Yara's Violent Unravell  Hex/Tmut       0%         3d3       100%        5
 Storm Form               Tmut/Air       0%         N/A       100%        7
 Maxwell's Capacitive Co  Air            0%         ∞         100%        8


Dungeon Overview and Level Annotations

Branches:
Dungeon (4/15)
 Temple: D:4-7

Altars:
Cheibriados

Shops:
D:1 *


Innate Abilities, Weirdness & Mutations

You have a pair of horns on your head.
You reflexively headbutt those who attack you in melee.


Message History

The jelly hits you but does no damage. The orc hits you but does no damage.
The orc closely misses you.
You puncture the orc!
You kill the orc!
Trog accepts your kill.
You hit the orc priest. Your headbutt misses the orc priest.
The orc priest is almost dead.
The jelly hits you but does no damage. The orc hits you but does no damage.
The orc priest hits you with a +0 hand axe.
The orc barely misses you.
You puncture the orc priest!
You kill the orc priest!
Trog accepts your kill. The jelly hits you. The acid corrodes you!
You are splashed with acid!
The orc misses you. You furiously retaliate!
You headbutt the orc!
You kill the orc!
Trog accepts your kill. The orc barely misses you.
Your Short Blades skill increases to level 1!
You puncture the orc!
You kill the orc!
Trog accepts your kill. The jelly hits you. The acid corrodes you!
You are splashed with acid!
Things that are here:
a +0 hand axe; a +0 scale mail
Okay, then.
You feel a strong urge to attack something.
You feel your anger nearly subside.
You are no longer berserk.
You are exhausted.
You feel yourself slow down.
You feel the effects of Trog's Hand fading.
The jelly hits you. The acid corrodes you!
You are splashed with acid!
* * * LOW HITPOINT WARNING * * *
You hit the jelly but do no damage.
Your hands burn!
* * * LOW HITPOINT WARNING * * *
The jelly is heavily wounded.
The jelly hits you.
* * * LOW HITPOINT WARNING * * *
You are splashed with acid.
You die...

...........(....≈§≈≈.
.............(..§§§..
.............(.......
.....................
?......)†..?.........
#...<.............
#####....)))......
#.)..)........
#...@J........
##############


You could see a jelly.

Vanquished Creatures
  An orc priest (D:4)
  3 adders
  An ufetubus (D:3)
  A dart slug (D:1)
  4 orcs (D:4)
  5 ball pythons
  4 bats
  4 endoplasms
  5 hobgoblins
  3 quokkas
  5 frilled lizards
  6 goblins
  8 kobolds
  10 rats
60 creatures vanquished.

Notes
Turn   | Place    | Note
-------+----------+-------------------------------------------
     0 | D:1      | czerkthejerk the Minotaur Berserker began the quest for the
                  | Orb.
     0 | D:1      | Reached XP level 1. HP: 19/19 MP: 0/0
    12 | D:1      | Found Vilasexa's General Store.
    62 | D:1      | Reached skill level 4 in Axes
    62 | D:1      | Reached XP level 2. HP: 17/27 MP: 1/1
   139 | D:1      | Bought 8 stones for 10 gold pieces
   713 | D:2      | Found a snail-covered altar of Cheibriados.
   727 | D:2      | Reached XP level 3. HP: 33/33 MP: 2/2
   841 | D:2      | Reached ** piety under Trog
  1421 | D:3      | Reached XP level 4. HP: 32/40 MP: 3/3
  1586 | D:3      | Reached skill level 5 in Axes
  2009 | D:4      | Reached skill level 1 in Short Blades
  2014 | D:4      | Splashed by a jelly's acid

Illustrated notes

Levels and vault maps discovered:
D:1:      shiori_arrival_oz, layout_rooms, serial_shops, shop,
          due_unseen_surprise
D:2:      layout_basic, basic_altar
D:3:      layout_basic, elyvilon_altar_3, minmay_tree_intersection
D:4:      layout_basic, mainiacjoe_overflow_boulevard

Skill      XL: |  1  2  3  4 |
---------------+-------------+-----
Axes           | 4 5 |  5.2
Fighting       | 4 |  4.3
Short Blades   | 1 |  1.5
Throwing       | |  0.5
Armour         | |  2.9
Dodging        | |  2.8

Action                   |  1- 3 |  4- 6 || total
-------------------------+-------+-------++-------
Melee: Hand axe          |    76 |       ||    76
       Headbutt          |    21 |     1 ||    22
       Dagger            |     3 |       ||     3
       Rapier            |    27 |    36 ||    63
       Punch             |     1 |       ||     1
Throw: Stone             |    22 |     4 ||    26
       Dart              |       |     4 ||     4
Invok: Berserk           |     1 |     1 ||     2
       Trog's Hand       |       |     1 ||     1
  Use: Potion            |     1 |       ||     1
Armor: Animal skin       |     3 |       ||     3
       Scale mail        |    31 |       ||    31
       Ring mail         |     8 |    18 ||    26
Dodge: Dodged            |    68 |    27 ||    95

Table legend: (Time is in decaauts)
 A = Elapsed time spent in this place.
 B = Non-inter-level travel time spent in this place.
 C = Inter-level travel time spent in this place.
 D = Time resting spent in this place.
 E = Time spent auto-exploring this place.
 F = Levels seen in this place.
 G = Mean time per level.
                   A        B        C        D        E       F      G
               +--------+--------+--------+--------+--------+-----+--------+
         Total |   2044 |    672 |   1372 |    199 |      7 |   4 |  511.0 |
       Dungeon |   2044 |    672 |   1372 |    199 |      7 |   4 |  511.0 |
               +--------+--------+--------+--------+--------+-----+--------+

Top non-repeatable levels by time:
     D:1: 759 daAuts
     D:3: 669 daAuts
     D:2: 576 daAuts
     D:4: 39 daAuts
